 Dungeon Crawl Stone Soup version 0.30-a0-702-gdf48620a09 (webtiles) character file.

Game seed: 11672165073394316214

30 flotson the Sneak (level 3, 0/29 HPs)
             Began as a Demonspawn Delver on Jan 22, 2023.
             Slain by a white imp (4 damage)
             ... on level 5 of the Dungeon.
             The game lasted 00:00:24 (81 turns).

flotson the Sneak (Demonspawn Delver)                 Turns: 81, Time: 00:00:25

Health: 0/29       AC:  3    Str: 14    XL:     3   Next: 3%
Magic:  3/3        EV: 12    Int: 11    God:
Gold:   10         SH:  0    Dex: 14    Spells: 2/2 levels left

rFire   . . .      SeeInvis .    a - +0 hand axe
rCold   . . .      Faith    .    (no shield)
rNeg    . . .      Spirit   .    b - +0 leather armour
rPois   .          Reflect  .    (no helmet)
rElec   .          Harm     .    (no cloak)
rCorr   .          Rampage  .    (no gloves)
Will    .....                    (no boots)
Stlth   +++                      (no amulet)
HPRegen 0.24/turn                (no ring)
MPRegen 0.08/turn                (no ring)

@: no status effects
A: weakness stinger 1, demonic touch 1
a: no special abilities


You were on level 5 of the Dungeon.
You visited 1 branch of the dungeon, and saw 1 of its levels.

You collected 10 gold pieces.

Inventory:

Hand Weapons
 a - a +0 hand axe (weapon)
Armour
 b - a +0 leather armour (worn)
Wands
 g - a wand of digging (3)
Scrolls
 c - a scroll of fog
 d - a scroll of magic mapping
 e - a scroll of fear


   Skills:
 + Level 3.3 Fighting
 - Level 2.0 Axes
 + Level 0.8 Armour
 + Level 2.0 Dodging
 + Level 4.6 Stealth
 + Level 0.8 Evocations


You had 2 spell levels left.
You didn't know any spells.
Your spell library was empty.

Dungeon Overview and Level Annotations

Branches:
Dungeon (5/15)
 Temple: D:4-7

Altars:


Innate Abilities, Weirdness & Mutations

You have a small tail.
Your touch may inflict minor irresistible damage on your foes.


Message History

HP restored.
You feel yourself slow down.
You now have 10 gold pieces.
Found 4 stones.
An iguana comes into view.
The iguana hisses angrily.
A white imp comes into view.
You see here 4 stones.
The iguana misses you.
You completely miss the iguana.
The white imp shouts, "Go and return not, thou rank nut-hook wormtrail!"
You touch the iguana!
The iguana is heavily wounded.
The iguana bites you.
You hit the iguana but do no damage.
The iguana is heavily wounded.
You hit the white imp. The iguana bites you. The white imp misses you.
The white imp hits you. The white imp freezes you. The iguana bites you!
* * * LOW HITPOINT WARNING * * *
You are too injured to fight recklessly!
You are too injured to fight recklessly!
You are too injured to fight recklessly!
You are too injured to fight recklessly!
You are too injured to fight recklessly!
You are too injured to fight recklessly!
You are too injured to fight recklessly!
You are too injured to fight recklessly!
You closely miss the iguana. You tail-slap the iguana.
Your punch misses the iguana.
The iguana is heavily wounded.
You hit the white imp. The iguana barely misses you.
The white imp hits you but does no damage.
You hit the iguana but do no damage.
The iguana is heavily wounded.
You hit the white imp but do no damage. The iguana closely misses you.
The white imp summons a swarm of flies.
The white imp hits you.
* * * LOW HITPOINT WARNING * * *
The white imp freezes you.
You die...

#######
###.....
.###......
.........
......5l#
#.@# ##(##
#..# ##.##
# ##..# .
##..## ..
##..## #..
#..## #.#
#..#


You could see an iguana and a white imp.

Vanquished Creatures
  A hound (D:5)
1 creature vanquished.

Notes
Turn   | Place    | Note
-------+----------+-------------------------------------------
     0 | D:5      | flotson the Demonspawn Delver began the quest for the Orb.
     0 | D:5      | Reached XP level 1. HP: 18/18 MP: 1/1
     5 | D:5      | Noticed a hound
    14 | D:5      | Killed a hound
    15 | D:5      | Discovered your monstrous ancestry.
    15 | D:5      | Gained mutation: Your touch may inflict minor irresistible
                  | damage on your foes. [demonic ancestry]
    15 | D:5      | Reached XP level 2. HP: 18/24 MP: 2/2
    15 | D:5      | Gained mutation: You have a small tail. [demonic ancestry]
    15 | D:5      | Reached XP level 3. HP: 22/29 MP: 3/3
    81 | D:5      | Slain by a white imp

Illustrated notes

Levels and vault maps discovered:
D:5:      layout_layer_cave

Skill      XL: |  1 |
---------------+----+-----
Axes           | 2 |  2.0
Dodging        | 2 |  2.0
Fighting       | |  3.3
Armour         | |  0.8
Stealth        | |  4.6
Evocations     | |  0.8

Action                   || total
-------------------------++-------
Melee: Hand axe          ||    10
       Tailslap          ||     1
       Touch             ||     1
  Use: Potion            ||     1
Armor: Leather armour    ||     2
Dodge: Dodged            ||     8

Table legend: (Time is in decaauts)
 A = Elapsed time spent in this place.
 B = Non-inter-level travel time spent in this place.
 C = Inter-level travel time spent in this place.
 D = Time resting spent in this place.
 E = Time spent auto-exploring this place.
 F = Levels seen in this place.
 G = Mean time per level.
                   A        B        C        D        E       F      G
               +--------+--------+--------+--------+--------+-----+--------+
         Total |     64 |     64 |      0 |      0 |     44 |   1 |   64.0 |
       Dungeon |     64 |     64 |      0 |      0 |     44 |   1 |   64.0 |
               +--------+--------+--------+--------+--------+-----+--------+

Top non-repeatable levels by time:
     D:5: 64 daAuts
